 Dungeon Crawl Stone Soup version 0.16-a0-2970-ge3807df (webtiles) character file.

44840 Engwar the Black Belt (level 13, -2/113 HPs)
             Began as a Mottled Draconian Transmuter on Dec 5, 2014.
             Was an Initiate of Gozag.
             Slain by a catoblepas (10 damage)
             ... on level 8 of the Lair of Beasts.
             The game lasted 01:48:21 (21379 turns).

Engwar the Black Belt (DrTm)                       Turns: 21379, Time: 01:48:21

Health: -2/113     AC: 15    Str: 13    XL:     13   Next: 98%
Magic:  22/25      EV:  2    Int: 17    God:    Gozag
Gold:   4460       SH:  0    Dex: 13    Spells: 4 memorised, 11 levels left

rFire  . . .     SeeInvis .       - Unarmed
rCold  . . .     Clarity  .     (armour unavailable)
rNeg   + + +     SustAb   .     (no shield)
rPois  ∞         Gourm    .     (helmet restricted)
rElec  .         Spirit   .     x - +2 cloak
rCorr  .         Warding  +     h - +0 pair of gloves
rMut   .         Stasis   .     n - +2 pair of boots
MR     .....                    G - amulet of warding
Stlth  ++........               E - +6 ring of evasion
                                s - +3 ring of evasion

@: petrified, not resistant to hostile enchantments, unstealthy
A: breathe sticky flames, unfitting armour, cold-blooded, AC +8
a: Breathe Sticky Flame, Potion Petition, Call Merchant, Bribe Branch, Renounce
Religion


You were on level 8 of the Lair of Beasts.
You worshipped Gozag.
Gozag was noncommittal.
You were hungry.

You visited 3 branches of the dungeon, and saw 19 of its levels.
You also visited: Volcano.

You collected 4611 gold pieces.
You paid 151 gold pieces to Gozag.


Innate Abilities, Weirdness & Mutations

You can spit globs of burning liquid.
You can ignite nearby creatures when you spit burning liquid.
Your weird mottled scales are hard (AC +8).
Your body does not fit into most forms of armour.
Your cold-blooded metabolism reacts poorly to cold.


   Skills:
 - Level 10.0 Fighting
 + Level 8.9 Dodging
 - Level 2.0 Stealth
 + Level 16.7 Unarmed Combat
 - Level 5.0 Spellcasting
 - Level 10.0 Transmutations
 - Level 2.8 Evocations


You had 11 spell levels left.
You knew the following spells:

 Your Spells              Type           Power        Failure   Level  Hunger
f - Flight                Chrm/Air       #.........   47%         3    ###....
x - Blade Hands           Trmt           #####.....   10%         5    ######.
y - Sticks to Snakes      Trmt           #####.....   1%          2    #......
z - Beastly Appendage     Trmt           #####.       1%          1    None

Inventory:

Missiles
 b - 62 arrows
 C - 16 stones (quivered)
Armour
 h - a +0 pair of gloves (worn)
 n - a +2 pair of boots (worn)
 x - a +2 cloak (worn)
Jewellery
 c - an uncursed ring of teleport control
 g - an uncursed ring of protection from cold
 o - an uncursed ring of protection from magic
 s - a +3 ring of evasion (left hand)
 y - an uncursed ring of flight
 D - a +5 ring of intelligence
 E - a +6 ring of evasion (right hand)
 G - an amulet of warding (around neck)
 L - an uncursed ring of fire
 N - an uncursed ring of sustain abilities
Magical devices
 e - a wand of teleportation (6)
 u - a wand of fire (6)
 B - a wand of paralysis (14)
 I - a wand of draining (2)
 K - a wand of fire (1)
Scrolls
 f - 5 scrolls of amnesia
 j - 8 scrolls of remove curse
 l - a scroll of enchant armour
 m - 7 scrolls of teleportation
 v - 2 scrolls of magic mapping
Potions
 d - 4 potions of restore abilities
 i - 2 potions of might
 k - a potion of heal wounds
 p - 2 potions of brilliance
 t - a potion of cancellation
 w - 2 potions of haste
 z - 4 potions of berserk rage
 A - 5 potions of agility
 F - 5 potions of curing
 H - 2 potions of resistance
 M - a potion of beneficial mutation {unknown}
Books
 J - a book of the Sky

   Spells                             Type                      Level
   a - Flight                         Charms/Air                   3
   b - Airstrike                      Air                          4
   c - Silence                        Hexes/Air                    5
   d - Deflect Missiles               Charms/Air                   6
   e - Conjure Ball Lightning         Conjuration/Air              6
   f - Tornado                        Air                          9
Comestibles
 a - 2 bread rations
 q - 3 royal jellies
 r - 7 meat rations

......P..##............(.........
.......#######.###...####.###....
........# ### ###### ### ###..
.......## #######.P.### ###.
......## #...#.......#### #...
......# #...##.......#.###...
......## ###.#...........#....
.......# #..#.##H.........P.##...
......## #.....Yd###..#....###...
......##.P......kl#.#.#.....##...
<.....###.........#...#.....##...
.......###....#...#...#...#######
.......######...########...#...#.
........# ..#.} #P....#...##
........####.....( #.........#.
..........###... ##....####..
...........# . #P.........


You could see a catoblepas, a manticore, a komodo dragon and a fire drake.


Message History

* * * LOW HITPOINT WARNING * * *
The manticore claws you!
* * * LOW HITPOINT WARNING * * *
The fire drake barely misses you.
The manticore bites you but does no damage.
The manticore claws you but does no damage.
The manticore claws you.
The catoblepas breathes a plume of calcifying dust at you.
The blast of calcifying dust hits you!
* * * LOW HITPOINT WARNING * * *
The fire drake bites you but does no damage.
The komodo dragon bites you!
* * * LOW HITPOINT WARNING * * *
The manticore bites you but does no damage.
The manticore claws you but does no damage.
The manticore claws you.
* * * LOW HITPOINT WARNING * * *
You are engulfed in calcifying dust.
The fire drake bites you but does no damage.
The catoblepas gores you!!
* * * LOW HITPOINT WARNING * * *
The manticore bites you but does no damage.
The manticore claws you but does no damage. x2
The komodo dragon bites you!!
* * * LOW HITPOINT WARNING * * *
You are engulfed in calcifying dust.
The plant is no longer petrified.
The fire drake bites you but does no damage.
The catoblepas gores you!!
You die...
Your body crumbles into a pile of gold.

Action                   |  1- 3 |  4- 6 |  7- 9 | 10-12 | 13-15 || total
-------------------------+-------+-------+-------+-------+-------++-------
Melee: Unarmed           |   165 |   238 |   556 |  1191 |   481 ||  2631
Throw: Stone             |       |       |     6 |       |       ||     6
 Cast: Beastly Appendage |     7 |     9 |    29 |    63 |    27 ||   135
       Sticks to Snakes  |       |       |     3 |       |       ||     3
       Blade Hands       |       |       |     2 |    12 |     8 ||    22
 Abil: Breathe Sticky Fl |       |       |     8 |    12 |     4 ||    24
Evoke: Wand              |       |       |     2 |     9 |     3 ||    14
  Use: Potion            |     4 |       |     3 |     4 |     1 ||    12
       Scroll            |       |     6 |     8 |    12 |     3 ||    29
 Stab: Sleeping          |     1 |       |       |     4 |     1 ||     6
       Distracted        |       |       |       |     3 |     1 ||     4
  Eat: Chunk             |     2 |     5 |     9 |       |       ||    16
       Fruit             |     1 |     1 |     4 |    28 |       ||    34
       Beef jerky        |       |       |     3 |     1 |       ||     4
       Pizza             |       |       |     2 |       |       ||     2
       Bread ration      |       |       |       |     4 |     2 ||     6

Vault maps used:
D:1:      saegor_arrival_under_anarchy, st_stairs_7
D:2:      kennysheep_goblin_castle, lemuel_round_altar, first_bread, uniq_robin
D:4:      grunt_temple_overflow_open
D:5:      kennysheep_mini_moat, basic_altar, min_item_tele_traps,
          uniq_crazy_yiuf_cottage, uniq_iyjb, uniq_grinder, uniq_prince_ribbit1
D:6:      minmay_temple_entry_trees
D:7:      nicolae_overflow_crystal_walls, evilmike_ruin_ashenzari
D:8:      nemelex_deck, dpeg_oklobed_lair, uniq_erolcha, uniq_edmund
D:9:      roderic_lattice_a, uniq_eustachio, uniq_pikel, uniq_duvessa
D:10:     minmay_opposing_rooms, orc_0_dummy, grunt_tengu_nest
Temple:   minmay_temple_forest_path_12
Lair:1:   nicolae_lair_grove_arrangements, minivault_24,
          eino_small_chamber_without_monster
Lair:2:   ice2_lemuel, grunt_megastairs_3, bh_autumn_forest_stairs
Lair:3:   dpeg_oklob_shooting_range, columned_hall_lemuel
Lair:4:   gammafunk_lair_enchanted_lake, beast_lair_carwin_3
Lair:5:   minmay_swamp_entry_eels, serial_pond, minmay_pond_plants_j,
          minmay_pond_plants_y, minmay_pond_plants_l, minmay_pond_plants_x,
          serial_bayou_shore_b, serial_bayou_shore_a
Lair:6:   dummy_snake_entry, slime_dummy
Lair:8:   hangedman_lair_in_review, nicolae_volcano_entry_lava_flow
Volcano:  volcano_village

Notes
Turn   | Place    | Note
--------------------------------------------------------------
     0 | D:1      | Engwar, the Draconian Transmuter, began the quest for the Orb.
     0 | D:1      | Reached XP level 1. HP: 16/16 MP: 3/3
   224 | D:1      | Reached XP level 2. HP: 14/23 MP: 4/4
   281 | D:1      | Learned a level 2 spell: Sticks to Snakes
   366 | D:1      | Reached skill level 4 in Unarmed Combat
   881 | D:2      | Reached XP level 3. HP: 15/28 MP: 6/6
  1281 | D:2      | Found an ancient bone altar of Kikubaaqudgha.
  1666 | D:2      | Reached XP level 4. HP: 25/35 MP: 7/7
  1840 | D:2      | Reached skill level 5 in Unarmed Combat
  1854 | D:2      | Noticed Ijyb
  1876 | D:2      | Killed Ijyb
  2348 | D:2      | Noticed Robin
  2385 | D:2      | Killed Robin
  2420 | D:2      | Reached skill level 3 in Transmutations
  2546 | D:2      | Reached XP level 5. HP: 36/40 MP: 9/9
  2910 | D:3      | Learned a level 5 spell: Blade Hands
  3003 | D:3      | Noticed anything's ghost (experienced FoHu)
  3028 | D:3      | HP: 4/40 [anything's ghost (6)]
  3029 | D:3      | Killed anything's ghost
  3029 | D:3      | Reached skill level 6 in Unarmed Combat
  3029 | D:3      | Reached skill level 4 in Transmutations
  3029 | D:3      | Reached XP level 6. HP: 4/47 MP: 10/10
  3509 | D:3      | Reached skill level 5 in Transmutations
  3509 | D:3      | Your scales start taking on a weird mottled pattern.
  3509 | D:3      | Reached XP level 7. HP: 17/52 MP: 12/12
  4119 | D:4      | Noticed soonmide's ghost (average OgWz)
  4151 | D:4      | Killed soonmide's ghost
  4151 | D:4      | Reached skill level 7 in Unarmed Combat
  4151 | D:4      | Reached skill level 6 in Transmutations
  4561 | D:4      | Gained mutation: Your magical capacity is low (-10% MP). [potion of mutation]
  4561 | D:4      | Gained mutation: You expend magic power (6 MP) to slightly strengthen your wands. [potion of mutation]
  4562 | D:4      | Lost mutation: Your magical capacity is low (-10% MP). [potion of cure mutation]
  4562 | D:4      | Lost mutation: You expend magic power (6 MP) to slightly strengthen your wands. [potion of cure mutation]
  4637 | D:4      | Reached XP level 8. HP: 54/59 MP: 13/13
  4778 | D:4      | Found a glowing golden altar of the Shining One.
  4795 | D:4      | Found a deep blue altar of Sif Muna.
  4963 | D:5      | Entered Level 5 of the Dungeon
  4984 | D:5      | Noticed Prince Ribbit
  5003 | D:5      | Killed Prince Ribbit
  5003 | D:5      | Reached skill level 8 in Unarmed Combat
  5010 | D:5      | Noticed Grinder
  5028 | D:5      | Paralysed by Grinder for 4 turns
  5078 | D:5      | Found a radiant altar of Vehumet.
  5234 | D:5      | Reached skill level 7 in Transmutations
  5297 | D:5      | Found a glowing silver altar of Zin.
  5351 | D:5      | Killed Grinder
  5436 | D:5      | Noticed Crazy Yiuf
  5453 | D:5      | Killed Crazy Yiuf
  5820 | D:6      | Reached skill level 9 in Unarmed Combat
  5820 | D:6      | Reached skill level 8 in Transmutations
  5952 | D:6      | Found a staircase to the Ecumenical Temple.
  6038 | Temple   | Entered the Ecumenical Temple
  6469 | Temple   | Became a worshipper of Gozag Ym Sagoz the Greedy
  6547 | D:6      | Reached XP level 9. HP: 56/64 MP: 14/14
  7083 | D:7      | Found a shattered altar of Ashenzari.
  7217 | D:7      | Found a basalt altar of Yredelemnul.
  7249 | D:7      | Reached skill level 9 in Transmutations
  7369 | D:7      | Reached skill level 10 in Unarmed Combat
  7427 | D:7      | Reached skill level 3 in Spellcasting
  7596 | D:7      | Reached skill level 1 in Stealth
  7840 | D:8      | Reached skill level 2 in Stealth
  7989 | D:8      | Found a sparkling altar of Nemelex Xobeh.
  7995 | D:8      | Found a staircase to the Lair.
  8000 | D:8      | Noticed Erolcha
  8014 | D:8      | Killed Erolcha
  8014 | D:8      | Reached skill level 3 in Fighting
  8030 | D:8      | Reached XP level 10. HP: 55/77 MP: 17/18
  8088 | D:8      | Noticed Edmund
  8094 | D:8      | Killed Edmund
  8094 | D:8      | Reached skill level 4 in Fighting
  8096 | D:8      | Reached skill level 11 in Unarmed Combat
  9051 | D:9      | Noticed Pikel
  9071 | D:9      | Killed Pikel
  9071 | D:9      | Reached skill level 5 in Fighting
  9104 | D:9      | Noticed Eustachio
  9155 | D:9      | Reached skill level 2 in Dodging
  9310 | D:9      | Noticed Duvessa
  9316 | D:9      | Killed Duvessa
  9325 | D:9      | Killed Eustachio
  9446 | D:9      | Noticed Dowan
  9457 | D:9      | Killed Dowan
  9820 | D:10     | Entered Level 10 of the Dungeon
  9831 | D:10     | Noticed an orc knight
  9846 | D:9      | Reached skill level 3 in Dodging
  9941 | D:10     | Found a staircase to the Orcish Mines.
 10124 | D:10     | Reached skill level 12 in Unarmed Combat
 10135 | D:10     | Reached skill level 4 in Dodging
 10347 | D:10     | Killed an orc knight
 10664 | D:10     | Noticed a tengu warrior
 10677 | D:10     | Reached XP level 11. HP: 49/88 MP: 14/20
 10685 | D:10     | Killed a tengu warrior
 10685 | D:10     | Reached skill level 5 in Dodging
 11215 | Lair:1   | Entered Level 1 of the Lair of Beasts
 11451 | Lair:1   | Reached skill level 4 in Spellcasting
 12022 | Lair:2   | Reached skill level 13 in Unarmed Combat
 12080 | Lair:2   | Reached skill level 5 in Spellcasting
 12101 | Lair:2   | Reached skill level 1 in Evocations
 12473 | Lair:2   | Noticed an eight-headed hydra
 12489 | Lair:2   | Killed an eight-headed hydra
 12489 | Lair:2   | Reached skill level 2 in Evocations
 12939 | Lair:2   | Noticed an ice statue
 13687 | Lair:3   | Reached skill level 10 in Transmutations
 13687 | Lair:3   | Reached XP level 12. HP: 94/94 MP: 24/24
 13951 | Lair:3   | Reached skill level 14 in Unarmed Combat
 14064 | Lair:3   | Reached skill level 6 in Fighting
 14793 | Lair:4   | Reached skill level 7 in Fighting
 15106 | Lair:4   | Noticed a five-headed hydra
 15118 | Lair:4   | Killed a five-headed hydra
 15282 | Lair:4   | Reached skill level 8 in Fighting
 15650 | Lair:4   | Noticed a dire elephant
 15960 | Lair:5   | Noticed a four-headed hydra
 15971 | Lair:5   | Killed a four-headed hydra
 16167 | Lair:5   | Found a staircase to the Swamp.
 16533 | Lair:5   | Reached skill level 9 in Fighting
 16540 | Lair:5   | Reached skill level 15 in Unarmed Combat
 17231 | Lair:5   | Noticed a seven-headed hydra
 17241 | Lair:5   | Killed a seven-headed hydra
 17851 | Lair:6   | Found a staircase to the Slime Pits.
 17867 | Lair:6   | Found a staircase to the Snake Pit.
 17956 | Lair:6   | Noticed a seven-headed hydra
 17964 | Lair:6   | Killed a seven-headed hydra
 17964 | Lair:6   | Reached skill level 10 in Fighting
 17964 | Lair:6   | Reached XP level 13. HP: 105/113 MP: 23/25
 18479 | Lair:7   | Reached skill level 6 in Dodging
 18549 | Lair:7   | Learned a level 3 spell: Flight
 19597 | Lair:8   | Entered Level 8 of the Lair of Beasts
 19601 | Lair:8   | Found a dark tunnel.
 19749 | Lair:8   | Reached skill level 7 in Dodging
 19749 | Lair:8   | Reached skill level 16 in Unarmed Combat
 19785 | Volcano  | Entered a volcano
 20522 | Lair:8   | Reached skill level 8 in Dodging
 21378 | Lair:8   | HP: 8/113 [komodo dragon (9)]
 21379 | Lair:8   | Slain by a catoblepas

Vanquished Creatures
  8 hydras
  4 death yaks (Lair:8)
  A tengu warrior (D:10)
  A catoblepas (Lair:8)
  An orc knight (D:10)
  Erolcha (D:8)
  Pikel (D:9)
  An oklob plant (Lair:3)
  3 griffons
  A manticore (Lair:8)
  6 black mambas
  8 elephants
  10 spiny frogs
  A torpor snail (Lair:8)
  3 fire drakes
  6 komodo dragons
  The ghost of anything the Bolt Thrower, an experienced FoHu (D:3)
  The ghost of soonmide the Ogre Mage, an average OgWz (D:4)
  A two-headed ogre (Volcano)
  A freezing wraith (Lair:2)
  4 polar bears (Lair:2)
  9 blink frogs
  Grinder (D:5)
  Prince Ribbit (D:5)
  2 ravens (D:10)
  3 basilisks
  33 yaks
  2 fire bats (Volcano)
  3 wyverns
  2 hungry ghosts
  8 hippogriffs
  14 water moccasins
  Edmund (D:8)
  9 porcupines
  6 wolves
  A soldier ant (D:10)
  3 orc warriors
  A necrophage (D:9)
  5 sky beasts
  A black bear (D:7)
  2 phantoms
  4 ogres
  A yellow wasp (D:9)
  3 ice beasts (Lair:2)
  2 boring beetles
  2 big kobolds (D:10)
  Duvessa (D:9)
  4 centaurs
  8 crocodiles
  A wyvern zombie (D:10)
  22 giant frogs
  7 scorpions
  5 wights (D:8)
  7 killer bees
  8 electric eels
  Dowan (D:9)
  2 crimson imps
  A centaur zombie (D:8)
  4 goliath beetles
  A giant frog zombie (D:6)
  A centaur skeleton (D:8)
  A jelly (D:8)
  Crazy Yiuf (D:5)
  7 hounds
  5 orc priests
  3 iguanas
  10 orc wizards
  A giant frog skeleton (D:6)
  7 worker ants
  4 sheep (Lair:3)
  Ijyb (D:2)
  A hound zombie (D:7)
  2 hound skeletons
  Robin (D:2)
  25 adders
  53 river rats
  A shadow imp (D:10)
  5 worms
  5 white imps (Lair:2)
  An adder zombie (D:8)
  An adder skeleton (D:4)
  3 giant geckos
  4 oozes
  27 orcs
  A ball python (D:7)
  18 bats
  A bat skeleton (D:4)
  16 hobgoblins
  11 jackals (D:2)
  16 quokkas
  8 giant cockroaches
  5 giant newts
  24 goblins
  19 kobolds
  2 quokka skeletons
  20 rats
  A fungus (D:8)
567 creatures vanquished.

Vanquished Creatures (others)
  Eustachio (D:9)
  2 slaves (D:9)
  A centaur (Volcano)
  A giant frog zombie (D:9)
  An iguana (D:9)
  An orc wizard (D:7)
  An adder (Lair:5)
  A bat (D:9)
  A giant spore (D:9)
  7 fungi
  A plant (Lair:5)
  11 toadstools (Lair:4)
29 creatures vanquished.

Grand Total: 596 creatures vanquished
